 Dungeon Crawl Stone Soup version 0.21.1-1-g345015f (webtiles) character file.

99 mrmercer the Skirmisher (level 4, 0/60 HPs)
             Began as a Draconian Berserker on July 3, 2018.
             Was a Believer of Trog.
             Slain by a gnoll
             ... wielding a +0 halberd
              (1 damage)
             ... on level 3 of the Dungeon.
             The game lasted 00:12:44 (2383 turns).

mrmercer the Skirmisher (Draconian Berserker)       Turns: 2383, Time: 00:12:46

Health: 0/60       AC:  5    Str: 25    XL:     4   Next: 45%
Magic:  4/4        EV: 13    Int:  7    God:    Trog [**....]
Gold:   162        SH:  0    Dex: 11    Spells: 3/3 levels left

rFire    . . .     SeeInvis .   h - -2 short sword (curse)
rCold    . . .     Gourm    .   (no shield)
rNeg     . . .     Faith    .   (armour unavailable)
rPois    .         Spirit   .   (helmet restricted)
rElec    .         Reflect  .   (no cloak)
rCorr    .         Harm     .   (no gloves)
MR       .....                  (no boots)
Stlth    ..........             (no amulet)
HPRegen  0.20/turn              o - ring of flight
MPRegen  0.09/turn              (no ring)

@: berserking, very quick
A: unfitting armour, cold-blooded, AC +5
a: Berserk, Trog's Hand, Burn Spellbooks, Renounce Religion, Evoke Flight


You were on level 3 of the Dungeon.
You worshipped Trog.
Trog was pleased with you.
You were hungry.

You visited 1 branch of the dungeon, and saw 3 of its levels.

You collected 162 gold pieces.

Inventory:

Hand Weapons
 a - a +0 falchion
 e - a +0 hand axe
 g - a +0 spear
 h - a cursed -2 short sword (weapon)
 i - a +0 hand axe
 n - a cursed -3 hand axe
 q - a +0 war axe
 r - a +0 dagger of venom
Jewellery
 o - a ring of flight (left hand)
Scrolls
 c - a scroll of amnesia
 l - a scroll of fear {unknown}
 m - a scroll of enchant weapon {unknown}
 s - a scroll of identify
Potions
 b - a potion of invisibility {unknown}
 d - 2 potions of lignification {unknown}
 f - 2 potions of magic
 k - a potion of cancellation
 p - a potion of curing
 u - a potion of brilliance {unknown}
Comestibles
 j - 3 rations
 t - 3 chunks of flesh


   Skills:
 + Level 4.2 Fighting
 + Level 0.7(2.4) Short Blades
 + Level 3.7(3.8) Long Blades
 + Level 3.4 Dodging
 + Level 0.1 Stealth


You had 3 spell levels left.
You didn't know any spells.

Dungeon Overview and Level Annotations

Branches:
Dungeon (3/15)

Altars:


Innate Abilities, Weirdness & Mutations

Your plain brown scales are hard. (AC +5)
You cannot fit into any form of body armour.
You are cold-blooded and may be slowed by cold attacks.


Message History

The gnoll hits you from afar with an enchanted halberd.
The gnoll hits you with a halberd.
You hit the gnoll but do no damage. The gnoll barely misses you.
The gnoll hits you from afar with an enchanted halberd.
A bat comes into view.
You hit the gnoll.
The gnoll is moderately wounded.
The gnoll misses you. The gnoll barely misses you.
The gnoll hits you from afar with an enchanted halberd!!
* * * LOW HITPOINT WARNING * * *
A red film seems to cover your vision as you go berserk!
You feel yourself moving faster!
You feel mighty!
You are feeling hungry.
The gnoll closely misses you. The gnoll completely misses you.
You puncture the gnoll!
Your tail-slap misses the gnoll.
The gnoll is almost dead.
The gnoll hits you from afar with an enchanted halberd!
* * * LOW HITPOINT WARNING * * *
The gnoll completely misses you. The gnoll hits you with a halberd.
You die...

######### #.......# .
#.......##### ..
#.......##... ...
#..........## ....
##......<.### .....
##........##
.....r####.........#
.....gg@#..#.......#
....r.#gK.%........#
......b............##
.....#..............#
# ....
#..............# # ..
.#..............####
.
....................
##................###
#.#..............#


You could see 3 gnolls, a bat, a kobold and 2 rats.

Vanquished Creatures
  4 adders (D:2)
  An ooze (D:1)
  A dart slug (D:3)
  4 leopard geckos
  2 giant cockroaches
  4 goblins
  5 hobgoblins
  5 jackals (D:1)
  A quokka (D:3)
  7 bats
  5 frilled lizards
  A jackal zombie (D:2)
  7 kobolds
  4 rats
  A plant (D:1)
52 creatures vanquished.

Notes
Turn   | Place    | Note
-------+----------+-------------------------------------------
     0 | D:1      | mrmercer the Draconian Berserker began the quest for the Orb.
     0 | D:1      | Reached XP level 1. HP: 19/19 MP: 1/1
   163 | D:1      | Reached XP level 2. HP: 11/26 MP: 2/2
   529 | D:1      | HP: 2/40 [hobgoblin (4)]
   810 | D:1      | Reached XP level 3. HP: 31/33 MP: 3/3
   811 | D:1      | Reached ** piety under Trog
  1047 | D:2      | Reached skill level 4 in Fighting
  1720 | D:2      | Reached XP level 4. HP: 15/40 MP: 4/4
  2383 | D:3      | HP: 1/60 [gnoll/enchanted halberd (9)]
  2383 | D:3      | Slain by a gnoll

Skill      XL: |  1  2  3 |
---------------+----------+-----
Dodging        | 3 |  3.4
Fighting       | 4 |  4.2
Short Blades   | |  0.7
Long Blades    | |  3.7
Stealth        | |  0.1

Action                   |  1- 3 |  4- 6 || total
-------------------------+-------+-------++-------
Melee: Falchion          |   103 |       ||   103
       Tailslap          |    17 |     5 ||    22
       Short sword       |   162 |    58 ||   220
Invok: Berserk           |     2 |     1 ||     3
  Use: Scroll            |     2 |     7 ||     9
       Potion            |     1 |       ||     1
 Stab: Sleeping          |       |     1 ||     1
  Eat: Ration            |     1 |       ||     1
       Chunk             |     1 |     3 ||     4
Armor: Skin              |    88 |    10 ||    98
Dodge: Dodged            |   200 |    42 ||   242
       Rpst.: Falchion   |    23 |       ||    23
